Workbook
Name Ersatzspalten: 'Price schedule | Services'!$I$3:$L$3
Name Erstattungsart: Lists!$B$4:$B$7
Name JaNein: [1]Listen!$D$4:$D$5
Name lSFK: 'List of key experts'!$B$11:$B$34
Name rZeilen: 'Price schedule | Services'!$N$13:$N$19
Name VENr: '[2]Preisblatt | Leistung'!#REF!
Name VEspalten: '[2]Preisblatt | Leistung'!#REF!

Sheet Price schedule | Services
A1: Price schedule for local contracts – Services
A2: CONFIDENTIAL
A3: Contract number (VN): | B3: 10060771 | C3: Date:
A5: Project number / cost centre number: | B5: G-011655-001/0105 | C5: Contractor:
A7: Currency: | B7: GEL | C7: Address:
A9: 1. Fixed price
A11: Item | B11: Description | D11: Quantity | E11: Remuneration | F11: Sum | G11: Explanations
A12: Total | F12: =D12*E12 -> 0
A13: Milestone 1 | F13: =D13*E13 -> 0
A14: Milestone 2 | F14: =D14*E14 -> 0
A15: Milestone 3 | F15: =D15*E15 -> 0
A16: Milestone 4 | F16: =D16*E16 -> 0
A17: Milestone 5 | F17: =D17*E17 -> 0
A18: Milestone 6 | F18: =D18*E18 -> 0
A19: Milestone 7 | F19: =D19*E19 -> 0
A21: Subtotal | F21: =SUM(F12:F20) -> 0
A23: 2. Fees and other costs related to contract
A25: 2.1 Fee – daily rate item | B25: Name | C25: Type of reimbursement | D25: Number of expert-days | E25: Remuneration | F25: Total | G25: Explanations
A26: Team leader | B26: =IFERROR(VLOOKUP(A26,'List of key experts'!$B$11:$D$34,3,0)&" "&VLOOKUP(A26,'List of key experts'!$B$11:$D$34,2,0),"N.N.") | C26: Lump sum/number | F26: =D26*E26 -> 0
A27: Key expert 1 | B27: =IFERROR(VLOOKUP(A27,'List of key experts'!$B$11:$D$34,3,0)&" "&VLOOKUP(A27,'List of key experts'!$B$11:$D$34,2,0),"N.N.") | C27: Lump sum/number | D27: 36 | F27: =D27*E27 -> 0 | G27: Forest Economist
A28: Key expert 2 | B28: =IFERROR(VLOOKUP(A28,'List of key experts'!$B$11:$D$34,3,0)&" "&VLOOKUP(A28,'List of key experts'!$B$11:$D$34,2,0),"N.N.") | C28: Lump sum/number | F28: =D28*E28 -> 0
A29: Key expert 3 | B29: =IFERROR(VLOOKUP(A29,'List of key experts'!$B$11:$D$34,3,0)&" "&VLOOKUP(A29,'List of key experts'!$B$11:$D$34,2,0),"N.N.") | C29: Lump sum/number | F29: =D29*E29 -> 0
A30: Key expert 4 | B30: =IFERROR(VLOOKUP(A30,'List of key experts'!$B$11:$D$34,3,0)&" "&VLOOKUP(A30,'List of key experts'!$B$11:$D$34,2,0),"N.N.") | C30: Lump sum/number | F30: =D30*E30 -> 0
A31: Key expert 5 | B31: =IFERROR(VLOOKUP(A31,'List of key experts'!$B$11:$D$34,3,0)&" "&VLOOKUP(A31,'List of key experts'!$B$11:$D$34,2,0),"N.N.") | C31: Lump sum/number | F31: =D31*E31 -> 0
A32: Expert pool 1 | B32: =IFERROR(VLOOKUP(A32,'List of key experts'!$B$11:$D$34,3,0)&" "&VLOOKUP(A32,'List of key experts'!$B$11:$D$34,2,0),"N.N.") -> N.N. | C32: Lump sum/number | F32: =D32*E32 -> 0
A33: Expert pool 2 | B33: =IFERROR(VLOOKUP(A33,'List of key experts'!$B$11:$D$34,3,0)&" "&VLOOKUP(A33,'List of key experts'!$B$11:$D$34,2,0),"N.N.") -> N.N. | C33: Lump sum/number | F33: =D33*E33 -> 0
A34: Expert pool 3 | B34: =IFERROR(VLOOKUP(A34,'List of key experts'!$B$11:$D$34,3,0)&" "&VLOOKUP(A34,'List of key experts'!$B$11:$D$34,2,0),"N.N.") -> N.N. | C34: Lump sum/number | F34: =D34*E34 -> 0
A35: Expert pool 4 | B35: =IFERROR(VLOOKUP(A35,'List of key experts'!$B$11:$D$34,3,0)&" "&VLOOKUP(A35,'List of key experts'!$B$11:$D$34,2,0),"N.N.") -> N.N. | C35: Lump sum/number | F35: =D35*E35 -> 0
A36: Expert pool 5 | B36: =IFERROR(VLOOKUP(A36,'List of key experts'!$B$11:$D$34,3,0)&" "&VLOOKUP(A36,'List of key experts'!$B$11:$D$34,2,0),"N.N.") -> N.N. | C36: Lump sum/number | F36: =D36*E36 -> 0
A38: Subtotal | F38: =SUM(F26:F37) -> 0
A40: 2.2 Costs related to the contract, item | B40: Name | C40: Invoicing code | D40: Number | E40: Price | F40: Total | G40: Explanations
A41: Team leader | B41: =IFERROR(VLOOKUP(A41,'List of key experts'!$B$11:$D$34,3,0)&" "&VLOOKUP(A41,'List of key experts'!$B$11:$D$34,2,0),"N.N.") | C41: Lump sum/number | F41: =D41*E41 -> 0
A42: Key expert 1 | B42: =IFERROR(VLOOKUP(A42,'List of key experts'!$B$11:$D$34,3,0)&" "&VLOOKUP(A42,'List of key experts'!$B$11:$D$34,2,0),"N.N.") | C42: Lump sum/number | F42: =D42*E42 -> 0
A43: Key expert 2 | B43: =IFERROR(VLOOKUP(A43,'List of key experts'!$B$11:$D$34,3,0)&" "&VLOOKUP(A43,'List of key experts'!$B$11:$D$34,2,0),"N.N.") | C43: Lump sum/number | F43: =D43*E43 -> 0
A44: Key expert 3 | B44: =IFERROR(VLOOKUP(A44,'List of key experts'!$B$11:$D$34,3,0)&" "&VLOOKUP(A44,'List of key experts'!$B$11:$D$34,2,0),"N.N.") | C44: Lump sum/number | F44: =D44*E44 -> 0
A45: Key expert 4 | B45: =IFERROR(VLOOKUP(A45,'List of key experts'!$B$11:$D$34,3,0)&" "&VLOOKUP(A45,'List of key experts'!$B$11:$D$34,2,0),"N.N.") | C45: Lump sum/number | F45: =D45*E45 -> 0
A46: Key expert 5 | B46: =IFERROR(VLOOKUP(A46,'List of key experts'!$B$11:$D$34,3,0)&" "&VLOOKUP(A46,'List of key experts'!$B$11:$D$34,2,0),"N.N.") | C46: Lump sum/number | F46: =D46*E46 -> 0
A47: Expert pool 1 | B47: =IFERROR(VLOOKUP(A47,'List of key experts'!$B$11:$D$34,3,0)&" "&VLOOKUP(A47,'List of key experts'!$B$11:$D$34,2,0),"N.N.") -> N.N. | C47: Lump sum/number | F47: =D47*E47 -> 0
A48: Expert pool 2 | B48: =IFERROR(VLOOKUP(A48,'List of key experts'!$B$11:$D$34,3,0)&" "&VLOOKUP(A48,'List of key experts'!$B$11:$D$34,2,0),"N.N.") -> N.N. | C48: Lump sum/number | F48: =D48*E48 -> 0
A49: Expert pool 3 | B49: =IFERROR(VLOOKUP(A49,'List of key experts'!$B$11:$D$34,3,0)&" "&VLOOKUP(A49,'List of key experts'!$B$11:$D$34,2,0),"N.N.") -> N.N. | C49: Lump sum/number | F49: =D49*E49 -> 0
A50: Expert pool 4 | B50: =IFERROR(VLOOKUP(A50,'List of key experts'!$B$11:$D$34,3,0)&" "&VLOOKUP(A50,'List of key experts'!$B$11:$D$34,2,0),"N.N.") -> N.N. | C50: Lump sum/number | F50: =D50*E50 -> 0
A51: Expert pool 5 | B51: =IFERROR(VLOOKUP(A51,'List of key experts'!$B$11:$D$34,3,0)&" "&VLOOKUP(A51,'List of key experts'!$B$11:$D$34,2,0),"N.N.") -> N.N. | C51: Lump sum/number | F51: =D51*E51 -> 0
A53: Subtotal | F53: =SUM(F41:F52) -> 0
A56: 3. Travel expenses
A57: Link to current country table of the Federal Government: | C57: Please adjust if different guidelines are used
A58: https://www.bundesfinanzministerium.de/Content/DE/Downloads/BMF_Schreiben/Steuerarten/Lohnsteuer/2024-12-02-steuerliche-behandlung-reisekosten-2025.html (GERMAN ONLY)
A59: Item | B59: Sub-item | C59: Type of reimbursement | D59: Number | E59: Budget/Price | F59: Total | G59: Explanations
A60: Total travel expense budget | C60: Please select | F60: =D60*E60 -> 0
A61: International flights | C61: Please select | F61: =D61*E61 -> 0
A62: National flights | C62: Please select | F62: =D62*E62 -> 0
A63: Compensation of CO2 emissions | C63: against evidence | F63: =D63*E63 -> 0
A64: Transportation | C64: Please select | F64: =D64*E64 -> 0
A65: Per-diem allowance | C65: Please select | F65: =D65*E65 -> 0
A66: Overnight accommodation allowance | C66: Please select | F66: =D66*E66 -> 0
A67: Other travel expenses | C67: Please select | F67: =D67*E67 -> 0
A68: Other travel expenses | C68: Please select | F68: =D68*E68 -> 0
A69: Other travel expenses | C69: Please select | F69: =D69*E69 -> 0
A70: Other travel expenses | C70: Please select | F70: =D70*E70 -> 0
C71: Please select | F71: =D71*E71 -> 0
C72: Please select | F72: =D72*E72 -> 0
C73: Please select | F73: =D73*E73 -> 0
A75: Subtotal | F75: =SUM(F60:F74) -> 0
A77: 4. Other costs
A79: Position | C79: Invoicing code | D79: Quantity | E79: Budget/Price | F79: Total | G79: Explanations
A80: Subcontracts | C80: Please select | F80: =D80*E80 -> 0
A81: Equipment | C81: Please select | F81: =D81*E81 -> 0
A82: Operating costs in country of assignment | C82: Please select | F82: =D82*E82 -> 0
A83: Workshops | C83: Please select | F83: =D83*E83 -> 0
A84: Local contributions | C84: against evidence | F84: =D84*E84 -> 0
A85: Flexible remuneration item | C85: against evidence | D85: 1 | E85: 2000 | F85: =D85*E85 -> 2000 | G85: Use of the flexible remuneration item requires prior written approval from GIZ (See the General Terms and Conditions 3.1.3.2).
A86: Other expenses: [Individual items] | C86: Please select | F86: =D86*E86 -> 0
A87: Other expenses: [Individual items] | C87: Please select | F87: =D87*E87 -> 0
C88: Please select | F88: =D88*E88 -> 0
C89: Please select | F89: =D89*E89 -> 0
C90: Please select | F90: =D90*E90 -> 0
C91: Please select | F91: =D91*E91 -> 0
C92: Please select | F92: =D92*E92 -> 0
A94: Subtotal | F94: =SUM(F80:F93) -> 2000
A96: 5. Total costs
A98: Total (net) | F98: =F94+F75+F53+F21+F38 -> 2000

Sheet List of key experts
B2: List of key experts
B3: * Only experts for whom contract supplement is required
B4: ** If a key expert is replaced, please state the end date of the assignment in the explanations; enter the starting date of the assignment for the new expert
B6: Contract no.: | E6: Date: | F6: ='Price schedule | Services'!D3 -> 0
B8: Project no.:
B10: Title of price schedule | C10: Family name | D10: Given name | E10: Date of birth | F10: Place of residence | G10: Explanation of contract supplements
B11: Team leader
B12: Key expert 1
B13: Key expert 2
B14: Key expert 3
B15: Key expert 4
B16: Key expert 5
B17: Key expert 6

Sheet Lists
B3: Type of reimbursement
B4: Please select
B5: Lump sum/number
B6: against evidence
B7: not applicable
